AoeStats
← cafdlheraa

Black Forest

509516747Analyzed
4v4 RM · 5d ago on Sep 27, 2026· 113m 20s· 8 players
Game mode
Random Map
Map size
Large (8 player)
Population
200
Speed
Normal
Resources
Standard
Victory
Conquest
Starting age
Dark Age
Ending age
Imperial Age
RankedLock teamsTeams togetherTeam positionsShared explorationLock speedFull tech treeHidden civsTurbo modeCheats
Victory
Defeat
🇺🇸 Franks · United States
649
+24
🇺🇸 Danes · United States
442
+18
🇺🇸 Japanese · United States
410
+20
🇺🇸 Saxons · United States
371
+21
🇮🇳 Celts · India
654
-23
🇲🇽 Tatars · Mexico
481
-17
🇧🇴 Huns · Bolivia
448
-15
🇵🇪 Persians · Peru
414
-14
cafdlheraa
8:22 Loom
12:20 Feudal Age
14:16 Wheelbarrow
15:18 Town Watch
15:27 Double-Bit Axe
17:53 Gold Mining
18:06 Man-at-Arms
19:32 Arson
24:25 Castle Age
23:18 Stone Mining
24:29 Horse Collar
25:50 Gold Shaft Mining
26:29 Forging
26:21 Padded Archer Armor
27:31 Heavy Plow
28:30 Bow Saw
29:39 Scale Mail Armor
31:26 Crossbowman
32:16 Husbandry
32:26 Bloodlines
31:37 Light Cavalry
32:57 Hand Cart
33:38 Leather Archer Armor
33:13 Fletching
33:26 Elite Skirmisher
36:41 Caravan
36:45 Bodkin Arrow
41:20 Imperial Age
41:31 Scale Barding Armor
42:02 Iron Casting
42:56 Crop Rotation
41:48 Heavy Cavalry Archer
46:29 Hussar
46:29 Cavalier
46:32 Heavy Camel Rider
48:28 Town Patrol
49:42 Chemistry
49:32 Elite Keshik
49:45 Long Swordsman
49:46 Pikeman
52:19 Blast Furnace
51:20 Bracer
53:42 Ballistics
53:13 Heated Shot
53:05 Treadmill Crane
53:37 Masonry
53:19 Guard Tower
53:42 Two-Handed Swordsman
53:42 Halberdier
54:23 Squires
59:58 Chain Barding Armor
60:09 Ring Archer Armor
59:55 Fortified Wall
59:40 Murder Holes
59:51 Siege Engineers
59:56 Careening
61:28 Sappers
61:29 Elite Steppe Lancer
71:55 Heavy Scorpion
71:56 Onager
71:56 Capped Ram
73:23 Silk Armor
73:29 Silk Armor
80:35 Clinker Construction
80:45 Dry Dock
80:46 Bombard Tower
109:55 Carvel Hull
El Fiel
13:26 Feudal Age
14:09 Horse Collar
14:19 Double-Bit Axe
21:45 Castle Age
22:18 Heavy Plow
22:33 Bow Saw
28:16 Imperial Age
26:38 Fletching
26:48 Padded Archer Armor
33:36 Two-Man Saw
35:15 Stone Mining
35:38 Guilds
35:23 Gold Mining
35:23 Town Watch
37:04 Stone Shaft Mining
37:07 Gold Shaft Mining
38:31 Crop Rotation
39:03 Wheelbarrow
40:41 Hand Cart
42:36 Town Patrol
42:35 Bodkin Arrow
42:55 Leather Archer Armor
42:52 Forging
42:42 Scale Mail Armor
43:05 Ballistics
43:46 Chemistry
45:53 Scale Barding Armor
46:19 Ring Archer Armor
46:49 Light Cavalry
47:40 Bloodlines
49:28 Husbandry
50:08 Coinage
50:01 Elite War Elephant
54:52 Chain Barding Armor
59:56 Chain Mail Armor
60:16 Plate Barding Armor
60:17 Iron Casting
60:18 Banking
59:49 Caravan
61:23 Plate Mail Armor
61:34 Conscription
61:12 Pikeman
61:54 Squires
61:40 Arson
61:44 Gambesons
61:30 Hussar
62:56 Halberdier
neville_longbottom
0:50 Loom
14:24 Feudal Age
15:43 Double-Bit Axe
20:04 Horse Collar
25:43 Castle Age
23:19 Man-at-Arms
26:20 Stone Mining
26:22 Gold Mining
28:34 Gold Shaft Mining
28:35 Stone Shaft Mining
29:22 Heavy Plow
34:38 Bow Saw
36:09 Arson
36:10 Gambesons
35:46 Pikeman
36:30 Scale Mail Armor
36:41 Forging
38:29 Husbandry
39:05 Fortified Wall
44:04 Imperial Age
43:06 Stronghold
44:09 Chain Mail Armor
44:13 Onager
46:20 Halberdier
47:36 Heavy Scorpion
49:36 Chemistry
50:17 Siege Onager
53:07 Furor Celtica
59:04 Cavalier
70:06 Conscription
70:23 Hoardings
69:20 Sappers
71:29 Capped Ram
73:18 Wheelbarrow
72:29 Town Watch
74:06 Siege Ram
86:31 Paladin
87:58 Elite Woad Raider
wfcwilly
3:43 Loom
11:09 Feudal Age
11:34 Horse Collar
11:58 Gold Mining
16:31 Double-Bit Axe
17:28 Wheelbarrow
22:18 Stone Mining
32:26 Castle Age
34:01 Hand Cart
34:28 Bow Saw
34:23 Heavy Plow
35:57 Gold Shaft Mining
39:26 Imperial Age
39:37 Elite Tarkan
42:18 Two-Man Saw
42:43 Chemistry
42:11 Scale Barding Armor
42:07 Padded Archer Armor
41:58 Fletching
42:10 Scale Mail Armor
43:59 Pikeman
44:40 Squires
46:58 Ballistics
53:13 Parthian Tactics
55:48 Chain Mail Armor
55:49 Leather Archer Armor
55:54 Chain Barding Armor
55:46 Forging
57:09 Heavy Cavalry Archer
59:29 Thumb Ring
60:52 Masonry
109:42 Marauders
hunch0jack1
13:28 Feudal Age
13:59 Double-Bit Axe
13:59 Horse Collar
15:23 Wheelbarrow
17:14 Gold Mining
18:13 Stone Mining
26:07 Castle Age
24:24 Forging
24:14 Scale Mail Armor
24:19 Scale Barding Armor
28:57 Bow Saw
29:26 Gold Shaft Mining
28:53 Heavy Plow
29:29 Hand Cart
29:54 Iron Casting
29:35 Chain Mail Armor
29:20 Padded Archer Armor
29:10 Fletching
29:27 Caravan
33:57 Stone Shaft Mining
33:33 Husbandry
33:46 Bloodlines
38:49 Imperial Age
45:15 Onager
60:48 Blast Furnace
61:39 Siege Onager
80:36 Elite Jomsviking
85:58 Heavy Scorpion
93:58 Pikeman
94:38 Squires
96:46 Thumb Ring
96:58 Gambesons
105:09 Halberdier
12ozPapa
3:01 Loom
19:43 Feudal Age
20:39 Horse Collar
20:47 Double-Bit Axe
20:52 Town Watch
21:43 Wheelbarrow
21:02 Gold Mining
21:03 Stone Mining
25:36 Arson
25:12 Man-at-Arms
32:21 Castle Age
30:34 Fletching
30:54 Forging
30:45 Scale Mail Armor
35:00 Heavy Plow
35:15 Bow Saw
35:57 Bodkin Arrow
36:38 Iron Casting
36:18 Chain Mail Armor
36:08 Squires
35:28 Pikeman
36:17 Town Patrol
36:33 Hand Cart
41:26 Elite Skirmisher
42:12 Caravan
42:43 Coinage
44:59 Husbandry
45:09 Bloodlines
44:20 Light Cavalry
45:07 Herbal Medicine
45:13 Devotion
45:34 Heresy
47:19 Murder Holes
47:34 Fortified Wall
47:15 Guard Tower
47:45 Ballistics
47:06 Treadmill Crane
47:37 Masonry
58:46 Clerical Recruitment
72:21 Imperial Age
75:25 Elite Varangian Guard
75:26 Halberdier
76:14 Siege Engineers
77:11 Chemistry
77:27 Bracer
77:58 Plate Mail Armor
78:14 Keep
77:25 Arrowslits
78:12 Architecture
79:15 Faith
79:50 Capped Ram
79:51 Heavy Scorpion
80:58 Conscription
81:14 Hoardings
81:08 Redemption
94:57 Guilds
95:35 Banking
98:08 Siege Ram
100:28 Elite Hearth Troop
dankalashnikov
12:41 Feudal Age
13:17 Double-Bit Axe
14:45 Wheelbarrow
18:42 Gold Mining
21:31 Castle Age
21:16 Forging
21:18 Scale Barding Armor
21:10 Stone Mining
23:13 Hand Cart
24:38 Husbandry
27:46 Scale Mail Armor
27:37 Fletching
27:47 Padded Archer Armor
29:18 Bow Saw
30:27 Caravan
31:14 Iron Casting
31:00 Chain Barding Armor
30:52 Town Watch
30:53 Loom
31:23 Light Cavalry
36:14 Imperial Age
35:57 Bodkin Arrow
36:18 Leather Archer Armor
36:37 Cavalier
38:17 Chivalry
39:40 Town Patrol
40:19 Gold Shaft Mining
39:16 Cranequins
41:14 Gambesons
41:30 Squires
41:16 Arson
42:51 Blast Furnace
42:50 Paladin
43:29 Elite Throwing Axeman
44:31 Conscription
49:40 Plate Barding Armor
49:22 Chain Mail Armor
56:52 Chemistry
58:54 Arrowslits
59:10 Murder Holes
76:38 Ballistics
76:33 Fortified Wall
78:08 Capped Ram
96:29 Hoardings
95:17 Ordonnance Companies
100:00 Plate Mail Armor
100:00 Siege Engineers
99:38 Treadmill Crane
100:09 Masonry
103:47 Elite Skirmisher
Bad Bradley B
14:40 Feudal Age
15:07 Double-Bit Axe
15:45 Horse Collar
18:04 Wheelbarrow
18:45 Gold Mining
18:47 Stone Mining
25:14 Castle Age
24:21 Scale Mail Armor
24:32 Forging
26:13 Hand Cart
26:21 Heavy Plow
27:47 Iron Casting
28:31 Chain Mail Armor
29:04 Gold Shaft Mining
29:27 Bow Saw
34:55 Imperial Age
36:59 Blast Furnace
36:29 Plate Mail Armor
39:09 Elite Samurai
40:11 Kataparuto
40:27 Hoardings
40:48 Masonry
43:17 Two-Man Saw
47:02 Conscription
48:00 Squires
47:47 Gambesons
47:48 Arson
Connection lost

Rejoining the realm…

Still unreachable

The connection could not be restored.

Session expired

The server has moved on; the page needs a fresh start.